[Event "Titled Tuesday Blitz May 30 Early 2023"]
[White "Zainullina, Nataliya"]
[Black "Zheenbekov, Nurgazy"]
[WhiteFideId "4145488"]
[BlackFideId "13800485"]
[WhiteElo "2190"]
[BlackElo "1975"]
[Result "0-1"]
[Round "03"]
[TimeControl "180+2"]
[Date "2023.05.30"]
[WhiteClock "0:02:14"]
[BlackClock "0:00:59"]

1. Nf3 f5 2. g3 Nf6 3. Bg2 g6 4. O-O Bg7 5. d3 O-O 6. Nbd2 d6 7. e4 Nc6 8. c3 e5 9. Re1 f4 10. Nf1 Nh5 11. d4 Bg4 12. dxe5 Nxe5 13. Qb3+ Kh8 14. Nxe5 Bxe5 15. f3 fxg3 16. fxg4 gxh2+ 17. Kh1 Rxf1+ 18. Bxf1 Ng3+ 19. Kg2 h1=Q+ 20. Kf2 Qf6+ 21. Ke3 Qhf3+ 22. Kd2 Nxf1+ 23. Rxf1 Qxf1 24. Qg8+ Kxg8 0-1


[Site "https://www.chess.com"]

[Event "Titled Tuesday Blitz May 30 Early 2023"]
[White "Mahdavi, Reza"]
[Black "Balla, Tamas-Kristof"]
[WhiteFideId "12595926"]
[BlackFideId "1208497"]
[WhiteElo "2352"]
[BlackElo "2334"]
[Result "1-0"]
[Round "03"]
[TimeControl "180+2"]
[Date "2023.05.30"]
[WhiteClock "0:00:56"]
[BlackClock "0:00:05"]

1. e4 c5 2. Nf3 Nc6 3. Bb5 Nf6 4. e5 Nd5 5. Nc3 Nc7 6. Bxc6 dxc6 7. Ne4 Ne6 8. d3 g6 9. O-O Bg7 10. Re1 O-O 11. Be3 b6 12. Qd2 a5 13. Bh6 Nd4 14. Nxd4 cxd4 15. Qf4 Bf5 16. Ng3 e6 17. Nf1 f6 18. Bxg7 Kxg7 19. exf6+ Rxf6 20. Qe5 h5 21. Re2 c5 22. Rae1 Qd7 23. h3 Rf8 24. Nh2 g5 25. Nf3 g4 26. hxg4 Bxg4 27. Qg3 Kh8 28. Re5 Bxf3 29. gxf3 Qh7 30. Rg5 Rxf3 31. Qe5+ R3f6 32. Kh2 1-0


[Site "https://www.chess.com"]

[Event "Titled Tuesday Blitz May 30 Early 2023"]
[White "Ashraf, Artin"]
[Black "Floresvillar Gonzalez, Luis Migu"]
[WhiteFideId "22514805"]
[BlackFideId "5100542"]
[WhiteElo "2188"]
[BlackElo "2040"]
[Result "1-0"]
[Round "03"]
[TimeControl "180+2"]
[Date "2023.05.30"]
[WhiteClock "0:00:21"]
[BlackClock "0:00:05"]

1. e4 d6 2. Nf3 Nf6 3. c3 c5 4. h3 Nc6 5. Bd3 e5 6. Bc2 Be7 7. O-O O-O 8. d4 cxd4 9. cxd4 Nxd4 10. Nxd4 exd4 11. Qxd4 b6 12. Nc3 Bb7 13. Bb3 a6 14. Be3 b5 15. Nd5 Nxd5 16. Bxd5 Bf6 17. Qd2 Bxd5 18. exd5 Rc8 19. Rac1 Qd7 20. Qd3 g6 21. Qa3 Rfe8 22. Qxa6 Bxb2 23. Rc6 Be5 24. Qxb5 Rb8 25. Qc4 Ra8 26. a4 Ra5 27. Bb6 Raa8 28. a5 Qf5 29. a6 Qf4 30. Qxf4 Bxf4 31. a7 Re7 32. g3 Be5 33. Rfc1 Rexa7 34. Rc8+ Kg7 35. Bxa7 Rxa7 36. R1c7 Rxc7 37. Rxc7 g5 38. Kg2 h5 39. Kf3 Kg6 40. g4 hxg4+ 41. hxg4 f5 42. Re7 fxg4+ 43. Kxg4 Bf4 44. Re6+ Kf7 45. Kf5 Kg7 46. Re7+ Kf8 47. Ke6 Be5 48. Rf7+ Kg8 49. Rf5 Bf4 50. Rxf4 gxf4 51. Kxd6 Kf7 52. Kc7 Kf6 53. d6 Kf5 54. d7 Kg4 55. d8=Q Kf3 56. Qd4 Kg2 57. Qxf4 Kh1 58. Qg5 1-0


[Site "https://www.chess.com"]

[Event "Titled Tuesday Blitz May 30 Early 2023"]
[White "Dehtiarov, Roman"]
[Black "Ziatdinov, Raset"]
[WhiteFideId "14186640"]
[BlackFideId "2015323"]
[WhiteElo "2189"]
[BlackElo "2220"]
[Result "1-0"]
[Round "03"]
[TimeControl "180+2"]
[Date "2023.05.30"]
[WhiteClock "0:00:04"]
[BlackClock "0:00:00"]

1. c4 Nf6 2. Nc3 g6 3. g3 Bg7 4. Bg2 O-O 5. d3 d6 6. e4 Nc6 7. Nge2 e5 8. O-O Nh5 9. Be3 a6 10. h3 f5 11. exf5 gxf5 12. f4 Be6 13. Kh2 Qd7 14. b3 exf4 15. Bxf4 Nxf4 16. Nxf4 Bf7 17. Ncd5 Rae8 18. Rc1 Nd4 19. Qd2 c6 20. Ne3 Re7 21. Nc2 Rfe8 22. Rf2 Qc7 23. Rcf1 Nxc2 24. Qxc2 Re5 25. d4 Re3 26. Qxf5 d5 27. cxd5 cxd5 28. Nxd5 Qxg3+ 29. Kh1 Bxd5 30. Qxd5+ Kh8 31. Qf7 Re1 32. d5 Rf8 33. Qxf8+ Bxf8 34. Rxf8+ Kg7 35. Rf3 Rxf1+ 36. Rxf1 Qd6 37. Re1 Qg3 38. Rd1 Kf8 39. d6 Ke8 40. d7+ Kd8 41. Rd5 Qe1+ 42. Kh2 Qh4 43. Bf3 Qf4+ 44. Kg2 Qc1 45. Kg3 Qg5+ 46. Rxg5 1-0


[Site "https://www.chess.com"]

[Event "Titled Tuesday Blitz May 30 Early 2023"]
[White "Muthaiah AL"]
[Black "Martinez, Shawn"]
[WhiteFideId "5092442"]
[BlackFideId "2039770"]
[WhiteElo "2353"]
[BlackElo "2174"]
[Result "0-1"]
[Round "03"]
[TimeControl "180+2"]
[Date "2023.05.30"]
[WhiteClock "0:00:00"]
[BlackClock "0:00:14"]

1. e4 c5 2. Nf3 e6 3. c3 Nf6 4. Bd3 b6 5. O-O Bb7 6. Re1 Be7 7. Bc2 d5 8. e5 Nfd7 9. d4 Nc6 10. a3 a5 11. Ba4 O-O 12. Bf4 Re8 13. Nbd2 Nf8 14. Be3 Ng6 15. g3 f6 16. exf6 gxf6 17. c4 Kg7 18. cxd5 exd5 19. Rc1 c4 20. h4 Bd6 21. h5 Nge7 22. Nh4 Kh8 23. Bc2 Rg8 24. Qf3 Qf8 25. h6 Bc8 26. Kh2 Bg4 27. Qg2 Qf7 28. Ndf3 Qh5 29. Kg1 f5 30. Nh2 f4 31. Nxg4 Rxg4 32. Bd1 fxe3 33. Rxe3 Rag8 34. Bxg4 Rxg4 35. Rce1 Qxh6 36. Kf1 Nxd4 37. Qh3 Qg7 38. Nf3 Nc2 0-1


[Site "https://www.chess.com"]

[Event "Titled Tuesday Blitz May 30 Early 2023"]
[White "Dushyant Sharma"]
[Black "Campos, Maria Jose"]
[WhiteFideId "25065130"]
[BlackFideId "146803"]
[WhiteElo "2198"]
[BlackElo "2170"]
[Result "0-1"]
[Round "03"]
[TimeControl "180+2"]
[Date "2023.05.30"]
[WhiteClock "0:00:25"]
[BlackClock "0:00:43"]

1. e4 e5 2. Nf3 Nc6 3. Nc3 Nf6 4. Bb5 Bd6 5. d3 a6 6. Ba4 h6 7. h4 Bb4 8. a3 Bxc3+ 9. bxc3 d6 10. Qe2 Bg4 11. Rb1 b5 12. Bb3 Na5 13. Ba2 c5 14. Bd2 Nc6 15. Qe3 Rb8 16. Nh2 Be6 17. Bxe6 fxe6 18. O-O O-O 19. Qh3 Qe7 20. f4 exf4 21. Bxf4 e5 22. Be3 Nh5 23. Rf5 Nf4 24. Bxf4 exf4 25. Rf1 b4 26. axb4 cxb4 27. R5xf4 Rxf4 28. Rxf4 bxc3 29. Nf3 Ne5 30. d4 Nd3 31. Rf5 Rb1+ 32. Kh2 Nf2 33. Re5 Rh1+ 34. Kg3 Rxh3+ 0-1


[Site "https://www.chess.com"]

[Event "Titled Tuesday Blitz May 30 Early 2023"]
[White "Jegorovas, Aleksandras"]
[Black "Mikhaylova, Irina"]
[WhiteFideId "12801950"]
[BlackFideId "4109040"]
[WhiteElo "2247"]
[BlackElo "1975"]
[Result "1-0"]
[Round "03"]
[TimeControl "180+2"]
[Date "2023.05.30"]
[WhiteClock "0:00:19"]
[BlackClock "0:00:06"]

1. Nf3 Nf6 2. c4 g6 3. d4 Bg7 4. Nc3 d5 5. cxd5 Nxd5 6. e4 Nxc3 7. bxc3 c5 8. h3 O-O 9. Rb1 Nc6 10. Be3 cxd4 11. cxd4 Qa5+ 12. Qd2 Qxd2+ 13. Kxd2 Rd8 14. d5 e6 15. Bc4 exd5 16. Bxd5 Be6 17. Rxb7 Bxd5 18. exd5 Rxd5+ 19. Ke2 Re8 20. Rc1 Nd4+ 21. Nxd4 Bxd4 22. Rcc7 Bxe3 23. fxe3 Rf5 24. Rxa7 Ree5 25. a4 h5 26. g4 hxg4 27. hxg4 Rf6 28. a5 Ree6 29. a6 Rxa6 30. Rxf7 Rxa7 31. Rxf6 Kg7 32. Rb6 g5 33. Kf3 Rf7+ 34. Ke4 Rf1 35. Ke5 Kf7 36. e4 Rf4 37. Rb7+ Kg6 38. Rb6+ Kf7 39. Kd5 Rxg4 40. e5 Rg1 41. Rb7+ Kg6 42. Rb6+ Kg7 43. Ke6 Rf1 44. Ke7 g4 45. Rb4 Rf7+ 46. Ke6 Ra7 47. Rxg4+ Kf8 48. Kf6 Ra6+ 49. e6 Rb6 50. Ra4 Kg8 51. Ra8+ Kh7 52. Kf7 Rb1 53. e7 Rf1+ 54. Ke8 Kg7 55. Ra2 Rd1 56. Rg2+ Kf6 57. Kf8 1-0


[Site "https://www.chess.com"]

[Event "Titled Tuesday Blitz May 30 Early 2023"]
[White "crosky"]
[Black "Goffredo_Fofi"]
[WhiteElo "2296"]
[BlackElo "2502"]
[Result "0-1"]
[Round "03"]
[TimeControl "180+2"]
[Date "2023.05.30"]
[WhiteClock "0:00:26"]
[BlackClock "0:00:19"]

1. d4 g6 2. c4 Bg7 3. Nc3 d6 4. e4 c5 5. d5 Bxc3+ 6. bxc3 e5 7. f4 Qe7 8. Bd3 Nf6 9. fxe5 Qxe5 10. Nf3 Qxc3+ 11. Qd2 Qxa1 12. O-O Ng4 13. Bb2 Qxa2 14. Bxh8 Qxd2 15. Nxd2 Nd7 16. h3 Nge5 17. Be2 Ke7 18. Nf3 Nxf3+ 19. gxf3 f6 20. f4 a5 21. Bg4 a4 22. Re1 a3 23. e5 fxe5 24. fxe5 Nxe5 25. Bxe5 dxe5 26. Rxe5+ Kd8 27. Bxc8 Rxc8 28. Re2 Ra8 29. Ra2 Kd7 30. Kf2 Kd6 31. Ke3 b5 32. cxb5 Kxd5 33. Kd3 c4+ 34. Kc3 Kc5 35. Rxa3 Rxa3+ 0-1


[Site "https://www.chess.com"]

[Event "Titled Tuesday Blitz May 30 Early 2023"]
[White "Garakov, Mikhael"]
[Black "Jiganchine, Roman"]
[WhiteFideId "4169034"]
[BlackFideId "2603667"]
[WhiteElo "2347"]
[BlackElo "2295"]
[Result "1-0"]
[Round "03"]
[TimeControl "180+2"]
[Date "2023.05.30"]
[WhiteClock "0:00:48"]
[BlackClock "0:00:02"]

1. e4 c6 2. d4 d5 3. exd5 cxd5 4. c4 Nf6 5. Nc3 Nc6 6. Nf3 Bg4 7. cxd5 Nxd5 8. Qb3 Bxf3 9. gxf3 e6 10. Qxb7 Nxd4 11. Bb5+ Nxb5 12. Qc6+ Ke7 13. Qxb5 Qd7 14. Nxd5+ Qxd5 15. Qxd5 exd5 16. Bd2 Ke6 17. O-O-O Bc5 18. Rhe1+ Kd6 19. Re2 Rhe8 20. Bf4+ Kc6 21. Rc2 Kb6 22. Rxd5 Rac8 23. Rdxc5 Rxc5 24. Be3 Rxe3 25. fxe3 Rg5 26. Kd2 g6 27. f4 Rg1 28. Kd3 f5 29. b4 Rd1+ 30. Kc4 Re1 31. Kd4 Rb1 32. a3 Rb3 33. Rc3 Rb2 34. h3 Rh2 35. e4 Rd2+ 36. Rd3 Rf2 37. e5 Rxf4+ 38. Kd5 Re4 39. Kd6 f4 40. e6 Re3 41. Rxe3 1-0


[Site "https://www.chess.com"]

[Event "Titled Tuesday Blitz May 30 Early 2023"]
[White "cristianserban1"]
[Black "Mirzanurov, Bulat"]
[BlackFideId "4184521"]
[WhiteElo "2497"]
[BlackElo "2005"]
[Result "1-0"]
[Round "03"]
[TimeControl "180+2"]
[Date "2023.05.30"]
[WhiteClock "0:01:02"]
[BlackClock "0:00:00"]

1. d4 d5 2. Bf4 Nf6 3. Nf3 g6 4. e3 Bg7 5. Nc3 O-O 6. Nb5 Na6 7. h3 c6 8. Nc3 Nc7 9. Be2 Re8 10. O-O Bf5 11. a4 a5 12. g4 Bd7 13. Ne5 Na6 14. g5 Ne4 15. Nxe4 dxe4 16. h4 Nb4 17. c3 Nd5 18. Qb3 Qc8 19. Kh2 Be6 20. Bc4 Nxf4 21. exf4 Bxc4 22. Qxc4 Qf5 23. Kg3 h6 24. Qe2 h5 25. Rae1 f6 26. Nc4 fxg5 27. fxg5 Qf3+ 28. Qxf3 exf3 29. Re6 Rf8 30. Rxe7 Rf7 31. Rfe1 Rxe7 32. Rxe7 Rf8 33. Rxb7 Ra8 34. Rc7 Bf8 35. Rxc6 Rb8 36. Rxg6+ Kf7 37. Rf6+ Ke7 38. Rb6 Rxb6 39. Nxb6 1-0


[Site "https://www.chess.com"]

[Event "Titled Tuesday Blitz May 30 Early 2023"]
[White "Yonal, Timur"]
[Black "Toncheva, Nadya"]
[WhiteFideId "44115725"]
[BlackFideId "2924056"]
[WhiteElo "1966"]
[BlackElo "2101"]
[Result "0-1"]
[Round "03"]
[TimeControl "180+2"]
[Date "2023.05.30"]
[WhiteClock "0:01:58"]
[BlackClock "0:01:42"]

1. e4 c5 2. Nf3 Nc6 3. Bb5 e6 4. O-O Nge7 5. Re1 a6 6. Bf1 d5 7. c3 dxe4 8. Rxe4 Nd5 9. d4 cxd4 10. cxd4 Be7 11. Nc3 O-O 12. Bd3 b5 13. a3 Bb7 14. Bc2 b4 15. Nxd5 Qxd5 16. Qd3 g6 17. Bb3 Qf5 18. g4 Ne5 19. Rxe5 Qxd3 0-1


[Site "https://www.chess.com"]

[Event "Titled Tuesday Blitz May 30 Early 2023"]
[White "Ismayil, Malak"]
[Black "Rosenberg, Evan S"]
[WhiteFideId "13412604"]
[BlackFideId "2019299"]
[WhiteElo "1868"]
[BlackElo "2283"]
[Result "1/2-1/2"]
[Round "03"]
[TimeControl "180+2"]
[Date "2023.05.30"]
[WhiteClock "0:01:07"]
[BlackClock "0:01:42"]

1. e4 c5 2. Nf3 g6 3. d4 cxd4 4. Nxd4 Nf6 5. Nc3 Nc6 6. Nxc6 dxc6 7. Bc4 Qxd1+ 8. Kxd1 e5 9. f3 Bc5 10. Ke2 h6 11. a3 a5 12. Be3 Bxe3 13. Kxe3 Ke7 14. Rad1 b5 15. Bb3 Be6 16. Bxe6 Kxe6 17. Rd2 Rhd8 18. Rhd1 Rxd2 19. Rxd2 Ne8 20. b3 Nd6 21. g3 f5 22. f4 exf4+ 23. gxf4 fxe4 24. Nxe4 Nxe4 25. Kxe4 Rf8 26. Rg2 Kf6 27. Kd4 Kf5 28. Kc5 Rf6 29. Rf2 Ke4 30. c4 bxc4 31. bxc4 g5 32. f5 h5 33. Re2+ Kxf5 34. Rf2+ Kg6 35. Rxf6+ Kxf6 36. Kxc6 g4 37. Kd6 h4 38. c5 g3 39. hxg3 hxg3 40. c6 g2 41. c7 g1=Q 42. c8=Q Qd4+ 43. Kc7 Qc5+ 44. Kb7 Qxa3 45. Qc6+ Ke5 46. Kb6 a4 47. Ka5 1/2-1/2


[Site "https://www.chess.com"]

[Event "Titled Tuesday Blitz May 30 Early 2023"]
[White "Cupid, Kevin"]
[Black "Sukandar, Irine Kharisma"]
[WhiteFideId "7700512"]
[BlackFideId "7101937"]
[WhiteElo "2124"]
[BlackElo "2315"]
[Result "1-0"]
[Round "03"]
[TimeControl "180+2"]
[Date "2023.05.30"]
[WhiteClock "0:00:34"]
[BlackClock "0:00:00"]

1. d4 Nf6 2. Nf3 d5 3. c4 c6 4. Nc3 e6 5. cxd5 exd5 6. Bg5 h6 7. Bh4 Be6 8. e3 Nbd7 9. Bd3 g5 10. Bg3 Bg7 11. Ne5 Qe7 12. h4 g4 13. h5 Qb4 14. Qc2 c5 15. dxc5 Nxc5 16. Bb5+ Ncd7 17. a3 Qc5 18. Qa4 Rd8 19. Rc1 O-O 20. b4 Qb6 21. Nxd7 Nxd7 22. O-O a6 23. Bxd7 Rxd7 24. Ne2 d4 25. Nxd4 Bxd4 26. exd4 Qxd4 27. Rc5 Rfd8 28. Bc7 Rc8 29. Be5 Rxc5 30. Bxd4 Rxd4 31. Qe8+ Kg7 32. bxc5 Rc4 33. Qe7 Rc3 34. Re1 1-0


[Site "https://www.chess.com"]

[Event "Titled Tuesday Blitz May 30 Early 2023"]
[White "Lorenzo De La Riva, Lazaro"]
[Black "Zaichenko, Daria"]
[WhiteFideId "2268809"]
[BlackFideId "4197453"]
[WhiteElo "2294"]
[BlackElo "2039"]
[Result "1-0"]
[Round "03"]
[TimeControl "180+2"]
[Date "2023.05.30"]
[WhiteClock "0:00:47"]
[BlackClock "0:00:04"]

1. e4 c5 2. Nc3 Nc6 3. Bc4 g6 4. a3 Bg7 5. d3 Nf6 6. Ba2 O-O 7. h4 e6 8. h5 d5 9. h6 Bh8 10. Bg5 d4 11. Nce2 Qb6 12. Rb1 Ne5 13. Ng3 Bd7 14. Nf3 Nfg4 15. Nxe5 Nxe5 16. f4 Nc6 17. e5 f6 18. exf6 Bxf6 19. Ne4 Bxg5 20. fxg5 Qc7 21. Qg4 Rf4 22. Nf6+ Kh8 23. Qe2 Rf5 24. Ne4 Raf8 25. b4 cxb4 26. axb4 a5 27. b5 Nb4 28. Bc4 Bxb5 29. Bxb5 Nxc2+ 30. Kd2 Na3 31. Rhc1 Qf4+ 32. Kd1 Qh4 33. Nd2 Nxb5 34. Rxb5 Rxb5 35. Qxe6 Qh5+ 36. Kc2 Qxg5 37. Rf1 Qc5+ 38. Nc4 Rxf1 39. Qe8+ Qf8 40. Qxb5 Rf2+ 41. Nd2 Qb4 42. Qe8+ Rf8 43. Qe5+ Kg8 44. Qg7# 1-0


[Site "https://www.chess.com"]

[Event "Titled Tuesday Blitz May 30 Early 2023"]
[White "Kokoszczynski, Jan"]
[Black "Benaddi, Mouhcine"]
[WhiteFideId "1174460"]
[BlackFideId "9001050"]
[WhiteElo "2139"]
[BlackElo "2036"]
[Result "1-0"]
[Round "03"]
[TimeControl "180+2"]
[Date "2023.05.30"]
[WhiteClock "0:02:16"]
[BlackClock "0:02:18"]

1. c4 Nf6 2. Nc3 g6 3. d4 c5 4. d5 e6 5. e4 exd5 6. exd5 Bd6 7. Be2 O-O 8. h4 Re8 9. Kf1 h5 10. Bg5 Be7 11. d6 Bf8 12. Nd5 Bg7 13. Nc7 1-0


[Site "https://www.chess.com"]

[Event "Titled Tuesday Blitz May 30 Early 2023"]
[White "Pham, Le Thao Nguyen"]
[Black "Pg, Mohd Omar Ak Hira"]
[WhiteFideId "12401226"]
[BlackFideId "10500103"]
[WhiteElo "2286"]
[BlackElo "2167"]
[Result "1-0"]
[Round "03"]
[TimeControl "180+2"]
[Date "2023.05.30"]
[WhiteClock "0:00:44"]
[BlackClock "0:00:04"]

1. d4 d5 2. Nf3 Bf5 3. c4 e6 4. Qb3 dxc4 5. Qxb7 Qd5 6. Qc8+ Qd8 7. Qxd8+ Kxd8 8. Nc3 Nf6 9. Ne5 Ke8 10. e3 Nbd7 11. Nxc4 Bg6 12. Be2 Rb8 13. O-O Bd6 14. b3 Ke7 15. Nxd6 cxd6 16. Ba3 Ne4 17. Rfc1 Rhc8 18. Nb5 a6 19. Na7 Rxc1+ 20. Rxc1 Rb7 21. Nc8+ Kd8 22. Nxd6 Rc7 23. Rxc7 Kxc7 24. Nxe4 Bxe4 25. Bxa6 Bb1 26. Bc5 Bxa2 27. b4 Bd5 28. f3 Bb7 29. Bd3 Nf6 30. Kf2 h6 31. e4 Nd7 32. Ke3 Nb8 33. Bb5 h5 34. Be8 1-0


[Site "https://www.chess.com"]

[Event "Titled Tuesday Blitz May 30 Early 2023"]
[White "mohsengabr2002"]
[Black "Gulkov, Igor A."]
[BlackFideId "4120973"]
[WhiteElo "2241"]
[BlackElo "2343"]
[Result "1-0"]
[Round "03"]
[TimeControl "180+2"]
[Date "2023.05.30"]
[WhiteClock "0:01:15"]
[BlackClock "0:00:30"]

1. e4 c5 2. Nf3 d6 3. d3 Nc6 4. Nbd2 g6 5. g3 Bg7 6. Bg2 e5 7. O-O Nge7 8. c3 O-O 9. a3 h6 10. b4 Be6 11. b5 Na5 12. c4 f5 13. a4 f4 14. Nb1 Kh7 15. Bd2 g5 16. h3 fxg3 17. fxg3 Ng6 18. Nh2 b6 19. Rxf8 Qxf8 20. Bxa5 bxa5 21. Nc3 Qe7 22. Nd5 Bxd5 23. exd5 Kh8 24. Be4 Nf8 25. Qd2 Nd7 26. Qxa5 Nf6 27. Qe1 Rf8 28. Qe2 h5 29. Rf1 Bh6 30. Rf5 Kg7 31. g4 Nxe4 32. dxe4 Rxf5 33. gxf5 g4 34. hxg4 Qg5 35. Kh1 h4 36. Kg2 Qf4 37. Qf3 Qd2+ 38. Kh3 Bf4 39. Qg2 Qd3+ 40. Kxh4 Qxc4 41. g5 Bxh2 42. Kh5 Bf4 43. f6+ Kg8 44. Kg6 Qxa4 45. Qh1 1-0


[Site "https://www.chess.com"]

[Event "Titled Tuesday Blitz May 30 Early 2023"]
[White "Vovk, Orest"]
[Black "Afanasieva, Alexandra"]
[WhiteFideId "14113490"]
[BlackFideId "34126926"]
[WhiteElo "2215"]
[BlackElo "1745"]
[Result "1-0"]
[Round "03"]
[TimeControl "180+2"]
[Date "2023.05.30"]
[WhiteClock "0:00:09"]
[BlackClock "0:00:00"]

1. h4 d5 2. h5 h6 3. e4 dxe4 4. Nc3 Nf6 5. Qe2 Nc6 6. Nxe4 Nxe4 7. Qxe4 Bd7 8. Nf3 e6 9. d4 Be7 10. Bd3 Nb4 11. c3 Bc6 12. Qe2 Nxd3+ 13. Qxd3 Qd7 14. Ne5 Qd5 15. Nxc6 Qxc6 16. Qf3 Qxf3 17. gxf3 O-O-O 18. Bf4 g5 19. Bg3 Rd5 20. O-O-O Rhd8 21. Rde1 Bf6 22. b4 Re8 23. Be5 Bxe5 24. Rxe5 Rxe5 25. dxe5 Rd8 26. Rd1 Rg8 27. Rd4 Rf8 28. f4 f6 29. exf6 Rxf6 30. fxg5 hxg5 31. Rg4 Rxf2 32. Rxg5 Kd7 33. a4 Kd6 34. Rg8 Rh2 35. Rh8 Kd5 36. Rh7 Kd6 37. h6 b6 38. Rh8 Kd5 39. Rh7 c5 40. b5 Kc4 41. Rxa7 Kxc3 42. Kd1 Rxh6 43. Ke2 Kb4 44. Ra6 Rh2+ 45. Ke3 Ra2 46. Rxb6 Kxa4 47. Ra6+ Kb3 48. Rxa2 Kxa2 49. b6 c4 50. b7 1-0


[Site "https://www.chess.com"]

[Event "Titled Tuesday Blitz May 30 Early 2023"]
[White "Kuznetsov, Mikhail"]
[Black "Fudalej, Michal"]
[WhiteFideId "4117190"]
[BlackFideId "1118781"]
[WhiteElo "1981"]
[BlackElo "2088"]
[Result "1-0"]
[Round "03"]
[TimeControl "180+2"]
[Date "2023.05.30"]
[WhiteClock "0:00:23"]
[BlackClock "0:00:00"]

1. Nf3 g6 2. h4 h5 3. g3 Bg7 4. Bg2 c5 5. O-O Nc6 6. c4 Nf6 7. Nc3 d5 8. d4 cxd4 9. Nxd4 O-O 10. cxd5 Nb4 11. Nb3 Bf5 12. e4 Bg4 13. f3 Bd7 14. a3 Na6 15. Be3 Rc8 16. e5 Ne8 17. f4 b6 18. Nd4 Bg4 19. Qa4 Nec7 20. Nc6 Qe8 21. Nxa7 Bd7 22. Nc6 Nc5 23. Bxc5 bxc5 24. Rad1 Nxd5 25. Nxe7+ Qxe7 26. Nxd5 Qe6 27. Qxd7 Qxd7 28. Nf6+ Bxf6 29. Rxd7 Bd8 30. Rc1 Bb6 31. Bd5 Rcd8 32. Rxd8 Rxd8 33. Rd1 Kf8 34. Kg2 Ke7 35. Bb3 Rxd1 36. Bxd1 c4 37. Be2 Bd4 38. Bxc4 Bxb2 39. a4 Bc3 40. Kf3 Bb4 41. Ke2 1-0


[Site "https://www.chess.com"]

[Event "Titled Tuesday Blitz May 30 Early 2023"]
[White "Sailer, Mike"]
[Black "Trifan, Andrei Ioan"]
[WhiteFideId "2012901"]
[BlackFideId "12967068"]
[WhiteElo "2109"]
[BlackElo "2208"]
[Result "0-1"]
[Round "03"]
[TimeControl "180+2"]
[Date "2023.05.30"]
[WhiteClock "0:00:05"]
[BlackClock "0:00:34"]

1. d4 b6 2. Bf4 Bb7 3. e3 Nf6 4. Nf3 e6 5. Be2 Be7 6. O-O O-O 7. c4 d5 8. h3 c5 9. cxd5 Nxd5 10. Bh2 Nc6 11. Nc3 Bf6 12. Nxd5 Qxd5 13. dxc5 Qxc5 14. Rc1 Qa5 15. Qb3 Ne5 16. Nxe5 Bxe5 17. Bxe5 Qxe5 18. Qc3 Qg5 19. f3 Rac8 20. Qa3 h6 21. Rfd1 Rfd8 22. Rxc8 Rxc8 23. Qd3 Qe5 24. Qd2 Qc5 25. Kh1 Qc2 26. e4 Kh7 27. Kh2 Qc7+ 28. Kh1 Qc2 29. Kh2 Rc5 30. Bd3 Qxd2 31. Rxd2 e5 32. b3 Kg6 33. Bc4 b5 34. Rd6+ f6 35. Be6 b4 36. Bc4 Rc7 37. Kg3 a5 38. Kf2 a4 39. g3 Bc8 40. h4 axb3 41. axb3 Ra7 42. Rb6 Rb7 43. Rc6 Bd7 44. Rd6 Be8 45. Ke3 Bf7 46. Bxf7+ Kxf7 47. f4 Rc7 48. Rd3 exf4+ 49. gxf4 Ke6 50. Kd2 g5 51. fxg5 hxg5 52. hxg5 fxg5 53. Rd4 Ke5 54. Rxb4 g4 55. Rc4 Rf7 56. Ke2 g3 57. Rc1 Kxe4 58. b4 Rf2+ 59. Ke1 Rh2 60. Rc4+ Kd3 61. Rg4 Rh1# 0-1


[Site "https://www.chess.com"]

[Event "Titled Tuesday Blitz May 30 Early 2023"]
[White "Fiedorek, Michal"]
[Black "Borodavkin, Anatoly"]
[WhiteFideId "1199528"]
[BlackFideId "14150662"]
[WhiteElo "2135"]
[BlackElo "1991"]
[Result "1-0"]
[Round "03"]
[TimeControl "180+2"]
[Date "2023.05.30"]
[WhiteClock "0:00:08"]
[BlackClock "0:00:08"]

1. e4 e5 2. Nf3 Nf6 3. d4 Nxe4 4. Bd3 d5 5. dxe5 Nc6 6. Nc3 Bb4 7. O-O Nxc3 8. bxc3 Bxc3 9. Rb1 h6 10. Ba3 Ne7 11. Rb3 d4 12. Qe2 O-O 13. Nh4 Re8 14. Qe4 g6 15. Qf4 Nf5 16. Nxf5 Bxf5 17. Bxf5 gxf5 18. Qxh6 Re6 19. Qf4 Rg6 20. Bb4 Bxb4 21. Rxb4 b6 22. Rxd4 Qe7 23. Rd3 Rg4 24. Qf3 Qg5 25. Qxa8+ Kg7 26. Rg3 Rxg3 27. fxg3 Qe3+ 28. Kh1 Qxe5 29. Qf3 Qb2 30. Qxf5 Qxa2 31. Qg5+ Kf8 32. h4 a5 33. h5 Qb2 34. Qf6 Qxf6 35. Rxf6 a4 36. Rf4 b5 37. Rb4 c6 38. h6 Kg8 39. Kg1 Kh7 40. Kf2 Kxh6 41. Ke3 Kg6 42. Kd4 Kf5 43. Kc5 a3 44. Rb1 a2 45. Ra1 b4 46. Kxb4 Ke4 47. Kc5 Ke3 48. Rxa2 Kf2 49. Kxc6 Kxg2 50. Kd6 Kxg3 51. c4 Kf3 52. c5 Ke4 53. c6 f5 54. c7 f4 55. c8=Q 1-0


[Site "https://www.chess.com"]

[Event "Titled Tuesday Blitz May 30 Early 2023"]
[White "Samaganova, Aleksandra"]
[Black "Manukian, Artak"]
[WhiteFideId "13800221"]
[BlackFideId "13301373"]
[WhiteElo "1858"]
[BlackElo "2130"]
[Result "1-0"]
[Round "03"]
[TimeControl "180+2"]
[Date "2023.05.30"]
[WhiteClock "0:00:02"]
[BlackClock "0:00:03"]

1. c4 Nf6 2. Nc3 g6 3. g3 Bg7 4. Bg2 c5 5. Nf3 O-O 6. O-O Nc6 7. d3 e5 8. a3 d6 9. Rb1 a5 10. Ne1 Bg4 11. h3 Be6 12. Nd5 Bxd5 13. cxd5 Ne7 14. e4 b5 15. Be3 a4 16. f4 Nd7 17. Nc2 Bh6 18. Qd2 Kg7 19. Rf2 Ng8 20. Rbf1 Qe7 21. g4 exf4 22. Bxf4 Bxf4 23. Rxf4 Ne5 24. d4 cxd4 25. Nxd4 Rac8 26. Nxb5 Rb8 27. Nd4 Qa7 28. Kh1 Qb6 29. Qf2 Rb7 30. Ne6+ fxe6 31. Qxb6 Rxb6 32. Rxf8 exd5 33. exd5 Rxb2 34. Ra8 Nc4 35. Rxa4 Ne3 36. Rg1 Nf6 37. g5 Nh5 38. Ra7+ Kg8 39. Ra8+ Kf7 40. Ra7+ Ke8 41. Ra8+ Kd7 42. Ra6 Ng3+ 43. Kh2 Ngf1+ 44. Rxf1 Nxf1+ 45. Kg1 Ne3 46. Ra7+ Kc8 47. Be4 Rb3 48. Rxh7 Rxa3 49. Bxg6 Nxd5 50. Bf5+ Kb8 51. g6 Nf4 52. Kf2 Ra7 53. g7 Rxg7 54. Rxg7 Nd5 55. Rg8+ Kc7 56. Rg7+ Kb6 57. Be4 Nf6 58. Rb7+ Kc5 59. Bf3 Kd4 60. Rb4+ Ke5 61. h4 d5 62. Rb5 Ke6 63. Kg3 Nd7 64. Rb7 Ne5 65. Bg4+ Kf6 66. Rb6+ Kg7 67. h5 Nc4 68. Rb7+ Kf6 69. Ra7 Nd2 70. Ra6+ Kg5 71. Rg6# 1-0


[Site "https://www.chess.com"]

[Event "Titled Tuesday Blitz May 30 Early 2023"]
[White "Acikel, Mert"]
[Black "Jovic, Stanoje"]
[WhiteFideId "12956465"]
[BlackFideId "905020"]
[WhiteElo "2097"]
[BlackElo "2236"]
[Result "0-1"]
[Round "03"]
[TimeControl "180+2"]
[Date "2023.05.30"]
[WhiteClock "0:00:00"]
[BlackClock "0:00:35"]

1. e4 c6 2. Nc3 d5 3. Nf3 dxe4 4. Nxe4 Nf6 5. Qe2 Nxe4 6. Qxe4 Qd5 7. Qh4 Bf5 8. Bc4 Qd6 9. d3 Nd7 10. O-O e6 11. h3 Be7 12. Bg5 h6 13. Bxe7 Qxe7 14. Qf4 O-O 15. c3 b5 16. Bb3 Bxd3 17. Rfd1 Nc5 18. Ne5 Be4 19. Rd4 Bd5 20. Bc2 Qg5 21. Qxg5 hxg5 22. b3 f6 23. Ng6 e5 24. Nxf8 exd4 25. cxd4 Nb7 26. Nd7 Rd8 27. Nc5 Nxc5 28. dxc5 b4 29. Rd1 Kf8 30. Rd4 Rb8 31. f3 a5 32. Kf2 Rb5 33. Rd2 Rxc5 34. Re2 a4 35. Bg6 Bf7 36. Bxf7 Kxf7 37. bxa4 Ra5 38. Rc2 c5 39. Kg3 Ke6 40. f4 gxf4+ 41. Kxf4 Rxa4 42. Rxc5 b3+ 0-1


[Site "https://www.chess.com"]